 Dungeon Crawl Stone Soup version 0.22.1-1-ga44c0e56f4 (webtiles) character file.

101 Ivernyr the Magician (level 4, 36/36 HPs)
             Began as a Naga Wizard on Oct 19, 2018.
             Quit the game on level 2 of the Dungeon.
             The game lasted 00:11:53 (2632 turns).

Ivernyr the Magician (Naga Wizard)                  Turns: 2632, Time: 00:11:54

Health: 36/36      AC:  2    Str:  9    XL:     4   Next: 75%
Magic:  10/10      EV: 10    Int: 19    God:
Gold:   73         SH:  4    Dex: 10    Spells: 2/11 levels left

rFire    + . .     SeeInvis +   g - +0 spear
rCold    . . .     Gourm    .   (no shield)
rNeg     . . .     Faith    .   a - +0 robe
rPois    +         Spirit   .   b - +0 hat
rElec    .         Reflect  +   (no cloak)
rCorr    .         Harm     .   (no gloves)
MR       .....                  (no barding)
Stlth    ++........             j - +4 amulet of reflection
HPRegen  0.12/turn              k - ring of protection from fire
MPRegen  0.12/turn              (no ring)

@: very slow
A: large, see invisible, deformed body, poison resistance, slowness 2, slow
metabolism 1, spit poison 1, AC +1
a: Spit Poison


You were on level 2 of the Dungeon.
You were not hungry.

You visited 1 branch of the dungeon, and saw 2 of its levels.

You collected 73 gold pieces.

Inventory:

Hand Weapons
 g - a +0 spear (weapon)
Armour
 a - a +0 robe (worn)
 b - a +0 hat (worn)
Jewellery
 j - a +4 amulet of reflection (around neck)
 k - a ring of protection from fire (left hand)
Scrolls
 c - 2 scrolls of identify {unknown}
 f - a scroll of remove curse {unknown}
 n - a scroll of random uselessness {unknown}
Potions
 e - a potion of mutation {unknown}
 h - a potion of ambrosia {unknown}
 i - a potion of heal wounds {unknown}
 l - a potion of brilliance {unknown}
 m - a potion of degeneration {unknown}
Comestibles
 d - 3 rations


   Skills:
 - Level 1.5 Dodging
 - Level 3.0 Stealth
 + Level 4.1 Spellcasting
 + Level 3.1 Conjurations
   Level 1.0 Summonings
 - Level 1.0 Translocations


You had 2 spell levels left.
You knew the following spells:

 Your Spells              Type           Power        Failure   Level  Hunger
a - Magic Dart            Conj           ###.         3%          1    None
b - Blink                 Tloc           N/A          14%         2    ##.....
c - Conjure Flame         Conj/Fire      #.......     22%         3    ###....
d - Mephitic Cloud        Conj/Pois/Air  #.......     26%         3    ###....

Your spell library contained the following spells:

 Spells                   Type           Power        Failure   Level  Hunger
 Call Imp                 Summ           #.......     14%         2    ##.....
 Slow                     Hex            #.......     21%         2    ##.....


Dungeon Overview and Level Annotations

Branches:
Dungeon (2/15)

Altars:


Innate Abilities, Weirdness & Mutations

You cannot wear boots.
Your serpentine skin is tough. (AC +1)
You have supernaturally acute eyesight. (SInv)
Armour fits poorly on your strangely shaped body.
Your system is resistant to poisons. (rPois)
You cover ground very slowly.
You have a slow metabolism.
You can spit poison.


Message History

Press: ? - help, Shift-Dir - straight line, f - bat
Aim: a bat (resting)
The magic dart hits the bat.
The bat is severely wounded.
Casting: Magic Dart (safe; 3% risk of failure)
Confirm with . or Enter, or press ? or * to list all spells.
Aiming: Magic Dart (safe; 3% risk of failure)
Press: ? - help, Shift-Dir - straight line, f/p - bat
Aim: a bat (severely wounded)
The magic dart hits the bat.
You kill the bat!
You see here a bat corpse.
You butcher the bat corpse.
o - a chunk of flesh You see here a bat skeleton.
Eat a chunk of flesh? (ye/n/q)
You eat the chunk of flesh.
This raw flesh tastes terrible.
You start resting.
Magic restored.
Are you sure you want to abandon this character and quit the game? (Confirm

....############.....#...........
....##........########.##########
....##........# #(#.........
....#.........# #.#.#.#.###.
............##########.#.#.#.#
............#.......##.###.#.####
............#.......##.....#.....
............#.......########.####
.##.............@....... #.#...
...#....###...........## #.#.#.
...#....# #...........# #.#.#.
...#....# #...........# #.###.
...##### #########...# #.....
#### ######


There were no monsters in sight!

Vanquished Creatures
  5 adders (D:2)
  An ooze (D:1)
  2 worms (D:2)
  A dart slug (D:2)
  2 leopard geckos
  5 bats
  A giant cockroach (D:2)
  7 goblins
  4 hobgoblins
  4 jackals (D:1)
  4 kobolds (D:1)
  A quokka (D:2)
  2 frilled lizards (D:2)
  5 rats
44 creatures vanquished.

Notes
Turn   | Place    | Note
-------+----------+-------------------------------------------
     0 | D:1      | Ivernyr the Naga Wizard began the quest for the Orb.
     0 | D:1      | Reached XP level 1. HP: 15/15 MP: 4/4
   130 | D:1      | Reached XP level 2. HP: 11/22 MP: 1/6
   697 | D:1      | Reached XP level 3. HP: 28/28 MP: 5/7
  1985 | D:2      | Reached XP level 4. HP: 33/36 MP: 5/9
  2209 | D:2      | Reached skill level 4 in Spellcasting
  2399 | D:2      | Learned a level 2 spell: Blink
  2403 | D:2      | Learned a level 3 spell: Conjure Flame
  2407 | D:2      | Learned a level 3 spell: Mephitic Cloud
  2632 | D:2      | Quit the game

Skill      XL: |  1  2  3  4 |
---------------+-------------+-----
Conjurations   | 2 3 |  3.1
Spellcasting   | 4 |  4.1
Dodging        | |  1.5
Stealth        | |  3.0
Summonings     | |  1.0
Translocations | |  1.0

Action                   |  1- 3 |  4- 6 || total
-------------------------+-------+-------++-------
Melee: Unarmed           |     5 |       ||     5
 Cast: Magic Dart        |    69 |    40 ||   109
 Abil: Spit Poison       |     5 |     2 ||     7
  Eat: Chunk             |     2 |     2 ||     4
Armor: Robe              |     4 |       ||     4
Dodge: Dodged            |    26 |     4 ||    30
